cohdb
Replays
Latest Replays
All Replays
Popular Replays
Top Player Replays
Match Explorer
How It Works
Community
CoH3 Stats
Reddit
Sign in to upload your games and track your stats! →
Sign in with Steam
Match 43084379
Unlisted
Match 43084379
Overview
Messages
Build Orders
End
Engineer Squad
Construct Weapon Support Center
Selects Armored Battlegroup
Selects Veteran Crews
Sniper
M1919 Machine Gun Team
Construct Barracks
Riflemen Squad
Grenade Package
Construct Medical Station
.30 cal Machine Gun
Riflemen Squad
Mechanized Support Center
M3 Armored Personnel Carrier
Xheal
Epouvente
SLOVAK ARMY / 5th PSU /
Jarkke
Setti-Veke
Pacman
0
0
Comments
sign in to comment!
No comments posted yet!